[Event "Team 45 45 League T77"]
[Site "Internet Chess Club"]
[Date "2018.07.07"]
[Round "3"]
[White "perugia"]
[Black "howah45"]
[Result "0-1"]
[WhiteElo "1150"]
[BlackElo "1086"]
[Opening "Caro-Kann: advance variation"]
[ECO "B12"]
[Time "18:00:56"]
[TimeControl "2700+45"]

1. e4 c6 2. d4 d5 3. e5 Bf5 4. Nc3 Nd7 5. Bf4 e6 6. Nf3 Bb4 7. a3 Ba5 8. Bd3
Bxd3 9. Qxd3 Ne7 10. O-O O-O 11. Ng5 Ng6 12. Be3 h6 13. Nf3 Qe7 14. Rfe1 Nb6 15.
b4 Nc4 16. bxa5 Nxe3 17. Qxe3 Qc7 18. Rab1 b6 19. axb6 axb6 20. a4 Ne7 21. Nd2
Nf5 22. Qd3 c5 23. dxc5 Qxc5 24. Ra1 Rfc8 25. Ne2 Ne7 26. Nb3 Qc7 27. Ng3 Ng6
28. Qe3 Qxc2 29. Qxb6 Rab8 30. Nd4 Qxf2+ 31. Kxf2 Rxb6 32. a5 Rb2+ 33. Re2 Rxe2+
34. Kxe2 Nxe5 35. a6 Nd7 36. a7 Nb6 37. Nf1 Ra8 38. Nb5 Nc8 39. Nd2 Kf8 40. Nb3
Ke7 41. Nc5 Kd8 42. Nb7+ Kd7 43. Nc5+ Kc6 44. Ra5 Kb6 45. Ra6+ Kxb5 46. Ra1 Kxc5
47. Rc1+ Kd6 48. Rf1 Rxa7 49. Kd3 f5 50. h3 Ra4 51. Rb1 g5 52. Rg1 h5 53. Ke2
Ra3 54. Kf2 g4 55. h4 g3+ 56. Ke2 Ne7 57. Rb1 Ng6 58. Rb6+ Ke5 59. Rb1 Nf4+ 60.
Kf1 Ra2 61. Re1+ Kf6 62. Rd1 Rxg2 63. Rd4 Rf2+ 64. Kg1 Ne2+ 65. Kh1 Nxd4 66. Kg1
Ne2+ 67. Kh1 g2+ 68. Kh2 g1=Q+ 69. Kh3 Nf4# {White checkmated} 0-1

[Event "Team 45 45 League T77"]
[Site "Internet Chess Club"]
[Date "2018.07.08"]
[Round "3"]
[White "oldbookseller"]
[Black "awesomefighter"]
[Result "1-0"]
[WhiteElo "1006"]
[BlackElo "1115"]
[Opening "Queen's pawn game"]
[ECO "A45"]
[Time "09:31:23"]
[TimeControl "2700+45"]

1. d4 Nf6 2. e3 g6 3. Bd3 d5 4. Nf3 Bg7 5. Nbd2 c5 6. b3 cxd4 7. exd4 Nc6 8. O-O
O-O 9. Bb2 Bg4 10. Qe1 Re8 11. Rb1 Qd6 12. Qe3 Nd7 13. c4 e5 14. c5 Qc7 15. Qg5
Bxf3 16. Nxf3 e4 17. Qe3 exd3 18. Qxd3 Nb4 19. Qc3 Nc6 20. Ng5 Qf4 21. Bc1 Qxd4
22. Qh3 Nf6 23. Bb2 Qf4 24. Bxf6 Qxf6 25. Qxh7+ Kf8 26. Qh4 Re2 27. Nh7+ Kg8 28.
Nxf6+ Bxf6 29. Qxf6 {Black resigns} 1-0